 Dungeon Crawl Stone Soup version 0.26.0-91-g99b343417d (webtiles) character file.

Game seed: 15926337561091689456

8827 DasRunzen the Conjurer (level 10, -3/84 HPs)
             Began as a Demigod Conjurer on Feb 3, 2021.
             Slain by a gargoyle
             ... wielding a +0 mace
              (7 damage)
             ... on level 10 of the Dungeon.
             The game lasted 00:28:39 (10441 turns).

DasRunzen the Conjurer (Demigod Conjurer)          Turns: 10441, Time: 00:28:39

Health: -3/84      AC: 12    Str: 16    XL:     10   Next: 93%
Magic:  23/23      EV: 16    Int: 22    God:
Gold:   411        SH:  0    Dex: 14    Spells: 12/21 levels left

rFire    . . .     SeeInvis .   f - +8 quarterstaff (chaos)
rCold    . . .     Faith    .   (shield currently unavailable)
rNeg     . . .     Spirit   .   p - +2 robe {Will+}
rPois    .         Reflect  .   r - +0 helmet
rElec    .         Harm     .   w - +1 cloak
rCorr    .         Rampage  .   j - +2 pair of gloves
Will     +++..                  c - +0 pair of boots
Stlth    +++.......             o - amulet of regeneration
HPRegen  0.64/turn              d - ring of stealth
MPRegen  0.18/turn              u - ring of willpower

@: no status effects
A: high mp 1
a: no special abilities


You were on level 10 of the Dungeon.
You visited 1 branch of the dungeon, and saw 10 of its levels.

You collected 411 gold pieces.

Inventory:

Hand Weapons
 f - a +8 quarterstaff of chaos (weapon)
Armour
 c - a +0 pair of boots (worn)
 j - a +2 pair of gloves (worn)
 p - a +2 robe of willpower (worn)
 r - a +0 helmet (worn)
 w - a +1 cloak (worn)
Jewellery
 d - a ring of stealth (left hand)
 e - an uncursed ring of protection from cold
 o - an amulet of regeneration (around neck)
 u - a ring of willpower (right hand)
Wands
 h - a wand of digging (7)
 v - a wand of random effects (21)
Scrolls
 a - a scroll of magic mapping
 b - 6 scrolls of teleportation
 k - a scroll of identify
 q - a scroll of amnesia
 s - 3 scrolls of remove curse
Potions
 g - a potion of magic
 i - a potion of haste
 l - 2 potions of curing
 m - a potion of mutation
 n - a potion of cancellation
 t - a potion of flight
 x - a potion of resistance


   Skills:
 + Level 6.3 Fighting
 + Level 6.5 Armour
 + Level 6.8 Dodging
 - Level 1.7 Stealth
 + Level 6.1 Spellcasting
 + Level 7.5 Conjurations
 + Level 6.3 Transmutations


You had 12 spell levels left.
You knew the following spells:

 Your Spells              Type           Power        Failure   Level
a - Magic Dart            Conj           100%         1%          1
b - Searing Ray           Conj           80%          1%          2
c - Wereblood             Tmut           34%          1%          2
d - Iskenderun's Mystic   Conj/Tloc      23%          19%         4

Your spell library contained the following spells:

 Spells                   Type           Power        Failure   Level
 Beastly Appendage        Tmut           68%          1%          1
 Dazzling Flash           Conj/Hex       46%          6%          3
 Spider Form              Tmut/Pois      10%          8%          3
 Animate Skeleton         Necr           12%          9%          1
 Apportation              Tloc           12%          9%          1
 Corona                   Hex            6%           9%          1
 Summon Small Mammal      Summ           24%          9%          1
 Fulminant Prism          Conj/Hex       11%          19%         4
 Blade Hands              Tmut           17%          19%         5
 Ice Form                 Ice/Tmut       20%          24%         4


Dungeon Overview and Level Annotations

Branches:
Dungeon (10/15)            Temple (0/1) D:4
   Lair: D:8-11         Orc: D:9-12

Shops:
D:6 *

Annotations:
D:9 exclusion: orange crystal statue


Innate Abilities, Weirdness & Mutations

You have an increased reservoir of magic. (+10% MP)


Message History

The gargoyle hurls a stone arrow at you.
The stone arrow misses you.
You closely miss the gargoyle.
The gargoyle is heavily damaged.
The gargoyle hurls a stone arrow at you.
The stone arrow hits you!!
* * * LOW HITPOINT WARNING * * *
You sock the gargoyle!
The gargoyle seems to grow stronger.
The gargoyle is severely damaged.
The gargoyle hurls a stone arrow at you.
The stone arrow hits you!
* * * LOW HITPOINT WARNING * * *
You hit the gargoyle but do no damage.
The gargoyle is severely damaged.
The gargoyle closely misses you.
Okay, then.
You closely miss the gargoyle.
The gargoyle is severely damaged.
The gargoyle hits you with a +0 mace!
You die...

#......#
#..#..#..
#......+
#..'..'..
#......#
#..#..#..
####..#####
#####.##.
#.....#..#
#..#.
#.....[..#
#..#.
#..####..#
#..##
##'#.....#
####.
#..#.@####
#. #..##9#
#. #..#...
#. #..#....
#.
#..#.....
#.
##########
##


You could see a gargoyle (strong, agile).

Vanquished Creatures
  Erica (D:10)
  Psyche (D:10)
  Joseph (D:7)
  A troll (D:10)
  Sigmund (D:4)
  4 yaks
  2 steam dragons (D:8)
  Edmund (D:4)
  4 water moccasins (D:9)
  8 orc warriors
  A black bear (D:10)
  5 ice beasts
  6 sky beasts
  2 phantoms
  A necrophage (D:10)
  3 ogres
  6 centaurs
  9 bullfrogs
  3 scorpions
  6 killer bees (D:5)
  4 howler monkeys
  2 bullfrog zombies
  2 hounds (D:8)
  A jelly (D:6)
  Crazy Yiuf (D:2)
  A centaur skeleton (D:5)
  13 orc priests
  A gnoll shaman (D:5)
  Jessica (D:2)
  2 iguanas
  Terence (D:2)
  12 orc wizards
  Natasha (D:2)
  6 worker ants
  An ogre zombie (D:9)
  Robin (D:2)
  8 gnolls
  12 adders
  2 gnoll zombies (D:9)
  3 shadow imps
  3 white imps
  5 ufetubi
  2 oozes
  An adder skeleton (D:5)
  A worm (D:2)
  4 dart slugs
  6 leopard geckos
  53 orcs
  4 bats
  4 giant cockroaches
  20 goblins
  9 hobgoblins
  9 jackals
  2 quokkas
  6 frilled lizards
  6 kobolds
  A leopard gecko skeleton (D:6)
  2 quokka skeletons
  5 rats
284 creatures vanquished.

Notes
Turn   | Place    | Note
-------+----------+-------------------------------------------
     0 | D:1      | DasRunzen the Demigod Conjurer began the quest for the Orb.
     0 | D:1      | Reached XP level 1. HP: 14/14 MP: 5/5
   241 | D:1      | Reached XP level 2. HP: 22/22 MP: 5/7
   768 | D:1      | Learned a level 2 spell: Searing Ray
   798 | D:1      | Found a snail-covered altar of Cheibriados.
  1144 | D:2      | Reached XP level 3. HP: 22/27 MP: 8/8
  1236 | D:2      | Learned a level 2 spell: Wereblood
  1258 | D:2      | Found a runed translucent door.
  1259 | D:2      | Noticed Crazy Yiuf
  1265 | D:2      | Killed Crazy Yiuf
  1266 | D:2      | Reached skill level 1 in Fighting
  1266 | D:2      | Reached skill level 1 in Armour
  1338 | D:2      | Noticed Robin
  1338 | D:2      | Noticed Jessica
  1348 | D:2      | Reached skill level 4 in Conjurations
  1363 | D:2      | Reached XP level 4. HP: 28/35 MP: 3/10
  1366 | D:2      | Killed Robin
  1372 | D:2      | Killed Jessica
  1373 | D:2      | Reached skill level 1 in Transmutations
  1529 | D:2      | Noticed Terence
  1539 | D:2      | Killed Terence
  1611 | D:2      | Noticed Natasha
  1619 | D:2      | Killed Natasha
  1620 | D:2      | Reached XP level 5. HP: 36/41 MP: 5/11
  2116 | D:3      | Found an ancient bone altar of Kikubaaqudgha.
  2166 | D:3      | Reached XP level 6. HP: 42/48 MP: 12/12
  3160 | D:4      | Reached XP level 7. HP: 29/56 MP: 14/14
  3636 | D:4      | Noticed Edmund
  3650 | D:4      | Killed Edmund
  3714 | D:4      | Noticed Sigmund
  3721 | D:4      | Killed Sigmund
  3722 | D:4      | Reached skill level 5 in Conjurations
  4005 | D:4      | Found a staircase to the Ecumenical Temple.
  4069 | D:5      | Entered Level 5 of the Dungeon
  4865 | D:6      | Reached XP level 8. HP: 63/63 MP: 16/16
  5189 | D:6      | Found Ekugiotu's General Store.
  5471 | D:6      | Found a stormy altar of Qazlal.
  5679 | D:7      | Reached XP level 9. HP: 38/72 MP: 19/19
  5762 | D:7      | Reached skill level 6 in Conjurations
  5817 | D:7      | Reached skill level 5 in Dodging
  6272 | D:7      | Noticed Joseph
  6286 | D:7      | Killed Joseph
  6287 | D:7      | Reached skill level 5 in Armour
  6594 | D:8      | Reached skill level 5 in Fighting
  6594 | D:8      | Reached skill level 5 in Spellcasting
  6722 | D:8      | Reached skill level 5 in Transmutations
  7416 | D:8      | Reached XP level 10. HP: 73/81 MP: 21/21
  7679 | D:8      | Learned a level 4 spell: Iskenderun's Mystic Blast
  7723 | D:9      | Found a transporter.
  7863 | D:9      | Noticed an orange crystal statue
  8051 | D:9      | Reached skill level 7 in Conjurations
  8295 | D:9      | Found a transporter.
  9107 | D:10     | Entered Level 10 of the Dungeon
  9107 | D:10     | Noticed Erica
  9117 | D:10     | Killed Erica
  9692 | D:10     | Noticed Psyche
  9706 | D:10     | Killed Psyche
 10015 | D:10     | Found an iron altar of Okawaru.
 10439 | D:10     | HP: 2/84 [gargoyle/stone arrow (9)]
 10441 | D:10     | Slain by a gargoyle

Illustrated notes

Levels and vault maps discovered:
D:1:      dpeg_arrival_arbitrary_b, layout_loops_ring, cheibriados_altar_1
D:2:      layout_rooms, grunt_decor_arrowhead, uniq_robin,
          uniq_crazy_yiuf_cottage, uniq_terence, uniq_jessica, uniq_natasha
D:3:      layout_loops_ring, kiku_gazebo_pond_becter
D:4:      layout_basic, minmay_temple_entry_fiery, sigmund_edmund_badplayer
D:5:      layout_loops_ring
D:6:      layout_rooms, serial_shops, shop, minmay_misc_feat_plants,
          st_stairs_2, nicolae_qazlal_style_of_elements
D:7:      layout_basic, uniq_joseph
D:8:      layout_basic, hex_large, hangedman_misty_isle
D:9:      gammafunk_cloud_chamber, layout_irregular_city, minmay_statue_bubble
D:10:     layout_grid_maze, minivault_4, okawaru_trees_2, uniq_erica,
          uniq_psyche

Skill      XL: |  1  2  3  4  5  6  7  8  9 10 |
---------------+-------------------------------+-----
Dodging        | 2 3 4 5 6 |  6.8
Spellcasting   | 2 3 4 5 6 |  6.1
Fighting       | 1 2 3 4 5 6 |  6.3
Armour         | 1 2 3 4 5 6 |  6.5
Conjurations   | 4 5 6 7 |  7.5
Transmutations | 1 2 3 4 5 6 |  6.3
Stealth        | |  1.7

Action                   |  1- 3 |  4- 6 |  7- 9 | 10-12 || total
-------------------------+-------+-------+-------+-------++-------
Melee: Short sword       |    11 |       |       |       ||    11
       Club              |     8 |       |       |       ||     8
       Quarterstaff      |    15 |   125 |   342 |   258 ||   740
 Cast: Magic Dart        |    38 |       |     1 |       ||    39
       Searing Ray       |     2 |     5 |    10 |       ||    17
       Iskenderun's Myst |       |       |       |     8 ||     8
       Wereblood         |       |       |       |     2 ||     2
  Use: Scroll            |     4 |    10 |     8 |     2 ||    24
       Potion            |       |     2 |       |     2 ||     4
 Stab: Petrified         |       |     1 |     1 |     5 ||     7
       Petrifying        |       |     1 |     1 |       ||     2
       Sleeping          |       |    16 |     8 |     2 ||    26
       Distracted        |       |       |     1 |       ||     1
       Paralysed         |       |       |     3 |     2 ||     5
       Confused          |       |       |     1 |     1 ||     2
Armor: Robe              |    11 |    49 |   152 |   120 ||   332
Dodge: Dodged            |    25 |    86 |   346 |   294 ||   751
